 Dungeon Crawl Stone Soup version 0.29.1-2-gbd0b4ee654 (webtiles) character file.

Game seed: 237412076590126520

110 Descartes the Trooper (level 4, -8/23 HPs)
             Began as a Felid Wanderer on Oct 29, 2022.
             Mangled by a gnoll
             ... wielding a +0 flail
              (11 damage)
             ... on level 3 of the Dungeon.
             The game lasted 00:06:06 (3765 turns).

Descartes the Trooper (Felid Wanderer)              Turns: 3765, Time: 00:06:07

Health: -8/23      AC:  1    Str:  9    XL:     4   Next: 61%
Magic:  7/7        EV: 17    Int: 10    God:
Gold:   201        SH:  0    Dex: 19    Spells: 6/6 levels left
                                        Lives:  0   Deaths: 1

rFire   . . .      SeeInvis +     - Unarmed
rCold   + . .      Faith    .   (shield unavailable)
rNeg    . . .      Spirit   .   (body armour unavailable)
rPois   .          Reflect  .   (helmet unavailable)
rElec   .          Harm     .   (cloak unavailable)
rCorr   .          Rampage  .   (gloves unavailable)
Will    .....                   (boots unavailable)
Stlth   ++........              (no amulet)
HPRegen 0.07/turn               g - ring of protection from cold
MPRegen 0.10/turn               (no ring)

@: quick
A: very small, claws 1, fangs 3, see invisible, speed 1, shaggy fur 1, stealthy
paws, no weapons or thrown items, no armour, multi-lived
a: no special abilities


You were on level 3 of the Dungeon.
You visited 1 branch of the dungeon, and saw 3 of its levels.

You collected 201 gold pieces.

Inventory:

Jewellery
 g - a ring of protection from cold (left paw)
Scrolls
 a - 2 scrolls of fear
 b - a scroll of blinking
 c - 2 scrolls of enchant weapon
 e - 3 scrolls of teleportation {unknown}
 f - a scroll of noise {unknown}
 h - 2 scrolls of identify {unknown}
 i - a scroll of brand weapon {unknown}
 j - a scroll of enchant armour {unknown}
Potions
 d - a potion of brilliance {unknown}
 k - a potion of curing


   Skills:
 - Level 5.1 Fighting
 + Level 2.0 Dodging
 + Level 2.6 Stealth
 + Level 2.5 Unarmed Combat
 + Level 1.7 Spellcasting
 + Level 1.1 Conjurations
 + Level 2.1 Hexes
 + Level 2.1 Translocations
 + Level 1.3 Transmutations
 - Level 1.5 Evocations


You had 6 spell levels left.
You didn't know any spells.
Your spell library contained the following spells:

 Spells                   Type           Power      Damage    Failure   Level
 Wereblood                Tmut           3%         N/A       28%         2
 Static Discharge         Conj/Air       2%         3-4/arc   36%         2
 Sublimation of Blood     Necr           0%         N/A       43%         2
 Sticky Flame             Conj/Fire      2%         2d3       94%         4
 Dispel Undead            Necr           0%         3d6       97%         4
 Summon Hydra             Summ           0%         N/A       100%        7


Dungeon Overview and Level Annotations

Branches:
Dungeon (3/15)

Altars:
Nemelex Xobeh
Vehumet
Yredelemnul

Annotations:
D:1 Terence


Innate Abilities, Weirdness & Mutations

You have sharp claws.
You have razor-sharp teeth.
You have supernaturally acute eyesight. (SInv)
You cover ground quickly. (Speed+)
You are covered in fur. (AC +1)
Your paws help you pounce on unaware monsters.
You are incapable of wielding weapons or throwing items.
You cannot wear armour.
You gain extra lives every three experience levels.


Message History

You are too injured to fight recklessly!
The hobgoblin misses you.
You scratch the hobgoblin.
The hobgoblin is almost dead.
The hobgoblin hits you.
* * * LOW HITPOINT WARNING * * *
You scratch the hobgoblin but do no damage.
You bite the hobgoblin, but do no damage.
The hobgoblin is almost dead.
The hobgoblin hits you.
* * * LOW HITPOINT WARNING * * *
You closely miss the hobgoblin.
The hobgoblin is almost dead.
The hobgoblin closely misses you.
You closely miss the hobgoblin.
The hobgoblin is almost dead.
The hobgoblin closely misses you.
There is a radiant altar of Vehumet here.
There is a stone staircase leading up here.
A gnoll comes into view. It is wielding a +0 flail.
The gnoll shouts!
You hear a shout!
The gnoll throws a stone.
The stone completely misses you. 2 gnolls come into view.
The gnoll shouts!
The hobgoblin shouts!
You scratch the gnoll. You bite the gnoll.
The gnoll is heavily wounded.
The gnoll hits you with a +0 flail!
* * * LOW HITPOINT WARNING * * *
You scratch the gnoll but do no damage.
The gnoll is heavily wounded.
The gnoll barely misses you.
You scratch the gnoll.
The gnoll is heavily wounded.
The gnoll closely misses you.
There is a stone staircase leading up here.
The hobgoblin hits you.
* * * LOW HITPOINT WARNING * * *
The gnoll hits you with a +0 flail!
You die...

....................###.#.#
##.#####.##...#...#.# ....
#.#####.######..##.##.# .#
#.......# #..##....# .
######..# #......### #..#
##...#....#
###..#####......##.#
#.......gg...g..##.
#.########.g@..#...< #.#
###...##.### #.#
#....###.### #.#
#.####.....# #.# #.# #.#.#.#
### #.# ###.# ##.....# ..#
#.# ##...###..#.#.# #.# #.#
#.....##......##.#
..###.####.....รท..........#


You could see 3 gnolls and a hobgoblin.

Vanquished Creatures
  A scorpion (D:3)
  An adder (D:2)
  A worm (D:2)
  4 dart slugs
  2 orcs
  5 ball pythons
  13 bats
  7 endoplasms
  5 giant cockroaches
  6 goblins
  4 hobgoblins (D:2)
  3 jackals (D:1)
  8 kobolds
  3 quokkas
  2 frilled lizards
  6 rats
71 creatures vanquished.

Notes
Turn   | Place    | Note
-------+----------+-------------------------------------------
     0 | D:1      | Descartes the Felid Wanderer began the quest for the Orb.
     0 | D:1      | Descartes set off with the following items: 2 scrolls of
                  | fear, a scroll of blinking, a potion of lignification.
     0 | D:1      | Reached XP level 1. HP: 12/12 MP: 3/3
   227 | D:1      | Reached XP level 2. HP: 12/16 MP: 4/4
   920 | D:1      | Reached skill level 1 in Dodging
   970 | D:1      | Reached XP level 3. HP: 10/19 MP: 5/5
  1166 | D:1      | Reached skill level 1 in Translocations
  1352 | D:1      | Reached skill level 1 in Hexes
  2114 | D:2      | Found a faded altar of an unknown god.
  2135 | D:2      | Reached XP level 4. HP: 23/23 MP: 7/7
  2243 | D:2      | Noticed Terence
  2314 | D:1      | Slain by Terence
  2315 | D:1      | Reached XP level 3. HP: -4/19 MP: 6/6
  2722 | D:3      | Identified the +0 plate armour of Cheibriados's Favour
                  | {SInv}
  2989 | D:2      | Reached skill level 1 in Conjurations
  3358 | D:3      | Noticed a scorpion
  3375 | D:3      | Killed a scorpion
  3376 | D:3      | Reached skill level 1 in Transmutations
  3376 | D:3      | Reached XP level 4. HP: 12/23 MP: 7/7
  3538 | D:3      | Found a sparkling altar of Nemelex Xobeh.
  3541 | D:3      | Found a radiant altar of Vehumet.
  3543 | D:3      | Found a basalt altar of Yredelemnul.
  3765 | D:3      | Mangled by a gnoll

Illustrated notes

Levels and vault maps discovered:
D:1:      dpeg_arrival_subterranean_lakeside_camping, layout_basic
D:2:      layout_rooms, serial_glass, glass_columns_a, glass_columns_a,
          glass_columns_a, glass_columns_a, glass_columns_a, glass_columns_a,
          dreamdust_ecumenical_altar_grove, uniq_terence
D:3:      layout_loops_ring, grunt_temple_overflow_open, serial_glass,
          glass_columns_c, glass_columns_c, glass_columns_a, glass_columns_a,
          glass_columns_c, glass_columns_c, glass_columns_a, glass_columns_c,
          minmay_fractal_squares_gapless_5

Skill      XL: |  1  2  3 |
---------------+----------+-----
Dodging        | 1 2 |  2.0
Translocations | 2 |  2.1
Hexes          | 2 |  2.1
Stealth        | 2 |  2.6
Conjurations   | 1 |  1.1
Transmutations | 1 |  1.3
Fighting       | |  5.1
Unarmed Combat | |  2.5
Spellcasting   | |  1.7
Evocations     | |  1.5

Action                   |  1- 3 |  4- 6 || total
-------------------------+-------+-------++-------
Melee: Unarmed           |   207 |    36 ||   243
       Bite              |    17 |    10 ||    27
       Punch             |     6 |       ||     6
  Use: Potion            |     1 |     2 ||     3
       Scroll            |       |     2 ||     2
 Stab: Sleeping          |    15 |       ||    15
Armor: Skin              |    16 |       ||    16
Dodge: Dodged            |   184 |    31 ||   215
